 Dungeon Crawl Stone Soup version 0.27-a0-1434-g6f15984924 (webtiles) character file.

Game seed: 6492860660419748528

168 octoduck the Conjurer (level 5, -3/38 HPs)
             Began as a Draconian Conjurer on July 3, 2021.
             Killed from afar by Sigmund (5 damage)
             ... with a magic dart
             ... on level 2 of the Dungeon.
             The game lasted 00:11:22 (4929 turns).

octoduck the Conjurer (Draconian Conjurer)          Turns: 4929, Time: 00:11:22

Health: -3/38      AC:  5    Str:  9    XL:     5   Next: 23%
Magic:  3/8        EV: 12    Int: 18    God:
Gold:   106        SH:  0    Dex: 11    Spells: 5/8 levels left

rFire    . . .     SeeInvis .   b - +0 dagger
rCold    . . .     Faith    .   (no shield)
rNeg     . . .     Spirit   .   (armour unavailable)
rPois    .         Reflect  .   (helmet restricted)
rElec    .         Harm     .   (no cloak)
rCorr    .         Rampage  .   (no gloves)
Will     .....                  (no boots)
Stlth    ++........             (no amulet)
HPRegen  0.12/turn              (no ring)
MPRegen  0.11/turn              (no ring)

@: no status effects
A: AC +5, unfitting armour, cold-blooded
a: no special abilities


You were on level 2 of the Dungeon.
You visited 1 branch of the dungeon, and saw 4 of its levels.

You collected 106 gold pieces.

Inventory:

Hand Weapons
 b - a +0 dagger (weapon)
Missiles
 e - 7 boomerangs
Scrolls
 a - 3 scrolls of identify {unknown}
 g - a scroll of amnesia
Potions
 c - a potion of mutation {unknown}
 d - 2 potions of cancellation {unknown}
 f - a potion of brilliance {unknown}
 h - a potion of curing {unknown}


   Skills:
 - Level 1.7 Dodging
 - Level 1.7 Stealth
 - Level 2.0 Spellcasting
 + Level 6.6 Conjurations


You had 5 spell levels left.
You knew the following spells:

 Your Spells              Type           Power      Damage    Failure   Level
a - Magic Dart            Conj           100%       1d8       1%          1
b - Searing Ray           Conj           50%        3d5       1%          2

Your spell library contained the following spells:

 Spells                   Type           Power      Damage    Failure   Level
 Dazzling Flash           Conj/Hex       26%        N/A       14%         3
 Stone Arrow              Conj/Erth      26%        3d8       14%         3
 Fulminant Prism          Conj/Hex       6%         3d7       43%         4
 Iskenderun's Mystic Bla  Conj/Tloc      13%        2d5       43%         4
 Tukima's Dance           Hex            1%         N/A       47%         3
 Passage of Golubria      Tloc           N/A        N/A       87%         4
 Yara's Violent Unravell  Hex/Tmut       0%         3d3       99%         5
 Starburst                Conj/Fire      6%         8x6d4     100%        6
 Lehudib's Crystal Spear  Conj/Erth      6%         10d3      100%        8
 Animate Armour           Summ/Erth      Unusable   N/A       N/A         4

Dungeon Overview and Level Annotations

Branches:
Dungeon (4/15)
 Temple: D:4-7

Altars:
Cheibriados
Elyvilon

Shops:
D:3 :*   D:4 *

Annotations:
D:2 1 runed translucent door, Crazy Yiuf, Sigmund
D:3 1 exclusion, Jessica


Innate Abilities, Weirdness & Mutations

Your plain brown scales are hard. (AC +5)
You cannot fit into any form of body armour.
You are cold-blooded and may be slowed by cold attacks.


Message History

Sigmund is heavily wounded. (Press . to maintain the ray.) Sigmund gestures wildly while chanting.
Sigmund flickers and vanishes!
Deactivating autopickup; reactivate with Ctrl-A.
The searing ray hits something!
Without enough magic to sustain it, your searing ray dissipates.
Something hits you!
A puff of flame appears from out of thin air!
The puff of flame hits you!
You are confused.
You bump into the rock wall.
There is a stone staircase leading up here.
In your confused state, you trip and fall back down the stairs.
You feel less confused.
You hear some strange, mumbled words.
You are confused.
In your confused state, you trip and fall back down the stairs.
Something hits you. Something hits you.
In your confused state, you trip and fall back down the stairs.
Something hits you!
* * * LOW HITPOINT WARNING * * *
Something hits you but does no damage.
In your confused state, you trip and fall back down the stairs.
* * * LOW HITPOINT WARNING * * *
Something hits you.
* * * LOW HITPOINT WARNING * * *
You feel less confused. Something barely misses you.
You climb upwards.
Level annotation: 1 runed translucent door, Crazy Yiuf Reactivating autopickup.
There is a stone staircase leading down here.
Deactivating autopickup; reactivate with Ctrl-A.
You hit something. You tail-slap something.
You hear some strange, mumbled words.
A magic dart appears from out of thin air!
The magic dart hits you.
You die...

#(#..........##.....#
#.#...####..###.....#
#)#.### #..#.......#
#.#.######..#.###...#
#.............##....#
#.....####...........
##.#..# ####.##.####
#.#..# #.#...###
#.#@.# #.....<##
#.#.{#######.......#
#.#....#...........#
#.##.#.#.###....)..#
#.##.#.#.# #........
#.##.#.#.###.#......
#.##.#..........#...
#.##............##.#
#............#####.#


There were no monsters in sight!

Vanquished Creatures
  A scorpion (D:3)
  An orc priest (D:3)
  An adder (D:3)
  An ufetubus (D:4)
  A worm (D:3)
  A dart slug (D:3)
  5 orcs (D:3)
  4 ball pythons
  2 endoplasms
  3 giant cockroaches
  4 goblins
  7 hobgoblins
  3 jackals (D:3)
  3 kobolds
  2 quokkas
  3 bats
  3 frilled lizards (D:1)
  5 rats
50 creatures vanquished.

Notes
Turn   | Place    | Note
-------+----------+-------------------------------------------
     0 | D:1      | octoduck the Draconian Conjurer began the quest for the
                  | Orb.
     0 | D:1      | Reached XP level 1. HP: 14/14 MP: 3/3
   404 | D:1      | Reached XP level 2. HP: 20/20 MP: 3/5
  1091 | D:1      | Learned a level 2 spell: Searing Ray
  1352 | D:1      | Found a faded altar of an unknown god.
  1399 | D:1      | You fall into a shaft and drop 1 floor!
  1781 | D:2      | Found a runed translucent door.
  1782 | D:2      | Noticed Crazy Yiuf
  2402 | D:3      | Found a snail-covered altar of Cheibriados.
  2402 | D:3      | Found a white marble altar of Elyvilon.
  2418 | D:3      | Reached skill level 5 in Conjurations
  2454 | D:3      | Found Wiotiocs's Assorted Antiques.
  2493 | D:3      | Reached XP level 3. HP: 26/26 MP: 6/6
  2833 | D:3      | Noticed an ice beast
  2919 | D:3      | Noticed Sigmund
  3328 | D:3      | Reached XP level 4. HP: 28/33 MP: 1/7
  3856 | D:4      | Found Bepej's Assorted Antiques.
  3925 | D:4      | Noticed a scorpion
  3932 | D:4      | Noticed a water moccasin
  4193 | D:3      | Killed a scorpion
  4194 | D:3      | Reached skill level 6 in Conjurations
  4194 | D:3      | Reached XP level 5. HP: 21/38 MP: 3/8
  4538 | D:3      | Found Yredohoe's Book Emporium.
  4708 | D:3      | Noticed Jessica
  4929 | D:2      | Killed from afar by Sigmund

Illustrated notes

Levels and vault maps discovered:
D:1:      dpeg_arrival_round_b, layout_basic, dilly_ecumenical_altar_fadedgnrine
D:2:      layout_loops_ring, kennysheep_generic_room_4, uniq_crazy_yiuf_cottage
D:3:      layout_basic, gammafunk_temple_overflow_wave, serial_shops,
          nicolae_shop_statue_plus, nicolae_lakefront_shop, shop_statue,
          uniq_jessica, uniq_sigmund
D:4:      layout_rooms, serial_shops, nicolae_square_shop

Skill      XL: |  1  2  3  4 |
---------------+-------------+-----
Conjurations   | 5 6 |  6.6
Dodging        | |  1.7
Stealth        | |  1.7
Spellcasting   | |  2.0

Action                   |  1- 3 |  4- 6 || total
-------------------------+-------+-------++-------
Melee: Unarmed           |    23 |       ||    23
       Dagger            |    18 |     3 ||    21
       Tailslap          |     4 |     1 ||     5
 Cast: Magic Dart        |    70 |    27 ||    97
       Searing Ray       |     1 |     7 ||     8
  Use: Scroll            |     5 |     1 ||     6
Armor: Skin              |    11 |     7 ||    18
Dodge: Dodged            |    24 |    14 ||    38

Table legend: (Time is in decaauts)
 A = Elapsed time spent in this place.
 B = Non-inter-level travel time spent in this place.
 C = Inter-level travel time spent in this place.
 D = Time resting spent in this place.
 E = Time spent auto-exploring this place.
 F = Levels seen in this place.
 G = Mean time per level.
                   A        B        C        D        E       F      G
               +--------+--------+--------+--------+--------+-----+--------+
         Total |   4937 |   4564 |    373 |   2265 |   1590 |   4 | 1234.2 |
       Dungeon |   4937 |   4564 |    373 |   2265 |   1590 |   4 | 1234.2 |
               +--------+--------+--------+--------+--------+-----+--------+

Top non-repeatable levels by time:
     D:3: 1694 daAuts
     D:1: 1569 daAuts
     D:2: 1452 daAuts
     D:4: 221 daAuts
